 Dungeon Crawl Stone Soup version 0.25-a0-1073-gf4359a17dd (webtiles) character file.

Game seed: 13662422584126455988, levelgen mode: classic

369 Amnesiac the Skirmisher (level 6, -4/38 HPs)
             Began as a Deep Elf Fighter on May 14, 2020.
             Was an Initiate of Gozag.
             Killed by nerve-wracking pain
             ... invoked by Menkaure
              (10 damage)
             ... on level 4 of the Dungeon.
             The game lasted 00:12:02 (3053 turns).

Amnesiac the Skirmisher (Deep Elf Fighter)          Turns: 3053, Time: 00:12:02

Health: -4/38      AC:  9    Str: 15    XL:     6   Next: 41%
Magic:  0/8        EV:  9    Int: 13    God:    Gozag
Gold:   347        SH:  8    Dex: 14    Spells: 5/5 levels left

rFire    + . .     SeeInvis .   a - +0 rapier
rCold    + . .     Gourm    .   c - +0 kite shield
rNeg     . . .     Faith    .   b - +0 scale mail
rPois    .         Spirit   +   k - +0 helmet
rElec    .         Reflect  .   g - scarf {rC+ rF+}
rCorr    .         Harm     .   r - +0 pair of gloves
MR       .....                  (no boots)
Stlth    ..........             o - amulet of guardian spirit
HPRegen  0.12/turn              (no ring)
MPRegen  0.11/turn              (no ring)

@: lethally poisoned (-4 -> -11), gold aura
A: no striking features
a: Potion Petition, Call Merchant, Bribe Branch, Renounce Religion


You were on level 4 of the Dungeon.
You worshipped Gozag.
Gozag was aware of your devotion.
You were not hungry.

You visited 1 branch of the dungeon, and saw 4 of its levels.

You collected 366 gold pieces.
You paid 19 gold pieces to Gozag.

Inventory:

Hand Weapons
 a - a +0 rapier (weapon)
Armour
 b - a +0 scale mail (worn)
 c - a +0 kite shield (worn)
 g - a scarf of resistance (worn)
 k - a +0 helmet (worn)
 r - a +0 pair of gloves (worn)
 s - a +1 robe of fire resistance
Jewellery
 o - an amulet of guardian spirit (around neck)
 x - an uncursed ring of protection from fire {unknown}
Scrolls
 e - 4 scrolls of teleportation {!r}
 h - 2 scrolls of remove curse {!r, unknown}
 i - a scroll of immolation {!r, unknown}
 p - a scroll of noise {!r, unknown}
 u - 2 scrolls of identify {!r, unknown}
 w - a scroll of enchant weapon {!r, unknown}
Potions
 d - a potion of might {!q}
 j - a potion of heal wounds {!q}
 l - a potion of lignification {!q, unknown}
 m - a potion of curing {!q}
 n - a potion of haste {!q}
 q - a potion of cancellation {!q, unknown}
 v - a potion of degeneration {!q, unknown}
Comestibles
 f - 6 rations


   Skills:
 - Level 4.1 Fighting
 - Level 2.0 Short Blades
 * Level 4.0 Armour
 + Level 4.0 Dodging
 - Level 2.4 Shields


You had 5 spell levels left.
You didn't know any spells.
Your spell library was empty.

Dungeon Overview and Level Annotations

Branches:
Dungeon (4/15)
 Temple: D:4-7

Altars:
Gozag
Ru
Vehumet

Annotations:
D:4 Menkaure


Message History

The goblin closely misses you. You block the hobgoblin's attack.
Robin throws the goblin at you! The goblin closely misses you.
You completely miss the goblin.
The goblin is moderately wounded.
The hobgoblin hits you with a +0 club.
The goblin becomes distracted by the nearby gold, dreaming of imaginary riches.
The goblin hits you.
The goblin shouts!
You hit the goblin but do no damage.
The goblin is moderately wounded.
You hear a shout!
You block the hobgoblin's attack.
Robin hits you with a +0 spear of venom.
You are poisoned.
You block the goblin's attack.
Menkaure casts a spell.
Menkaure seems to speed up.
You hit Robin.
Robin is moderately wounded.
You feel sick. The hobgoblin barely misses you.
Menkaure shrieks, "Why can't you leave me to my rest?"
The goblin barely misses you.
You hit Robin.
Robin is moderately wounded.
You feel sick. The hobgoblin hits you with a +0 club.
Robin becomes distracted by the nearby gold, dreaming of imaginary riches.
You block the goblin's attack. You block the hobgoblin's attack.
Robin shouts!
You hit Robin.
Robin is no longer distracted by gold.
Robin is heavily wounded.
You feel sick.
The goblin is no longer distracted by gold.
Robin misses you. You block the goblin's attack.
The goblin hits you but does no damage. The hobgoblin barely misses you.
You puncture Robin!
Robin is almost dead.
Robin barely misses you. The goblin hits you but does no damage.
The goblin barely misses you. Robin hits you but does no damage.
You are more poisoned.
The hobgoblin completely misses you.
You hit Robin.
You kill Robin!
You feel sick. The goblin barely misses you.
The goblin hits you but does no damage.
Menkaure whispers drily.
The goblin barely misses you. You block the hobgoblin's attack.
Your shield and scale mail prevent you from hitting Menkaure.
You feel sick. You block the goblin's attack. Menkaure barely misses you.
The goblin hits you but does no damage. The hobgoblin closely misses you.
The goblin misses you.
You hit Menkaure but do no damage.
You feel sick. Menkaure breathes soot at you. Menkaure hits you!!
* * * LOW HITPOINT WARNING * * *
The goblin hits you but does no damage. You block the hobgoblin's attack.
The goblin hits you but does no damage.
You hit Menkaure but do no damage.
* * * LOW HITPOINT WARNING * * *
You feel sick.
Menkaure gestures at you while chanting.
Pain shoots through your body!
You die...
Your body crumbles into a pile of gold.

....< ##. ...####.. .###
#....#.# ...# #....#.#
....#. #....#.#####......
#....#.#...#......
#....)...##....#..
..#######.ggM.##.#........
..........g@#.##....#
..###########.#####.#
#.(.....#.## ####......?#
#...g...# #.......#
#...g...# ####.....


.gg.M You could see Menkaure (fast), a hobgoblin and 2 goblins.

Vanquished Creatures
  A phantom (D:3)
  A centaur zombie (D:2)
  An orc priest (D:2)
  2 worker ants (D:4)
  Robin (D:4)
  7 gnolls
  An adder (D:2)
  2 worms (D:2)
  A dart slug (D:3)
  3 leopard geckos
  2 orcs (D:2)
  6 bats
  5 giant cockroaches
  12 goblins
  9 hobgoblins
  2 quokkas
  2 ball pythons
  2 frilled lizards
  8 kobolds
  8 rats
76 creatures vanquished.

Notes
Turn   | Place    | Note
-------+----------+-------------------------------------------
     0 | D:1      | Amnesiac the Deep Elf Fighter began the quest for the Orb.
     0 | D:1      | Reached XP level 1. HP: 13/13 MP: 3/3
   171 | D:1      | Reached skill level 1 in Dodging
   171 | D:1      | Reached XP level 2. HP: 8/18 MP: 4/4
  1051 | D:2      | Reached XP level 3. HP: 23/23 MP: 5/5
  1071 | D:2      | Found a radiant altar of Vehumet.
  1089 | D:2      | Found an opulent altar of Gozag.
  1105 | D:2      | Became a worshipper of Gozag Ym Sagoz the Greedy
  1144 | D:2      | Reached XP level 4. HP: 28/28 MP: 6/6
  1344 | D:2      | Reached XP level 5. HP: 32/33 MP: 4/7
  2449 | D:3      | Noticed a phantom
  2553 | D:3      | Found a sacrificial altar of Ru.
  2577 | D:3      | HP: 1/33 [phantom (3)]
  2763 | D:3      | Killed a phantom
  2763 | D:3      | Reached XP level 6. HP: 20/38 MP: 4/8
  3027 | D:4      | Noticed Robin
  3027 | D:4      | Noticed Menkaure
  3050 | D:4      | Killed Robin
  3053 | D:4      | Killed from afar by Menkaure

Illustrated notes

Levels and vault maps discovered:
D:1:      dpeg_arrival_ternary, layout_basic
D:2:      layout_loops_corners, overflow_temple_1_default, first_ration,
          wad_floor_pattern_2, grunt_gozag_statues
D:3:      layout_loops_ring, nicolae_ru_awakened_eye
D:4:      black_bear_nest_2, layout_basic, kennysheep_mini, serial_curves,
          eino_curves_04, eino_curves_02, serial_shops,
          nicolae_shop_window_shopping, chequers_garden, uniq_menkaure,
          uniq_robin

Skill      XL: |  1  2  3  4  5  6 |
---------------+-------------------+-----
Dodging        | 1 2 3 4 |  4.0
Fighting       | 3 4 |  4.1
Armour         | 3 4 |  4.0
Short Blades   | |  2.0
Shields        | |  2.4

Action                   |  1- 3 |  4- 6 || total
-------------------------+-------+-------++-------
Melee: Rapier            |    73 |   253 ||   326
Throw: Dart              |    41 |    49 ||    90
Invok: Potion Petition   |       |     1 ||     1
  Use: Potion            |       |     3 ||     3
       Scroll            |       |     1 ||     1
  Eat: Chunk             |     1 |       ||     1
       Ration            |       |     2 ||     2
Armor: Scale mail        |    28 |   129 ||   157
Dodge: Dodged            |    28 |   111 ||   139
Block: Kite shield       |    28 |   144 ||   172

Table legend:
 A = Non-vault XP
 B = Vault XP
 C = Vault XP percentage of total XP
 D = Non-vault monster count
 E = Vault monster count
 F = Vault count percentage of total count
                 A         B        C        D         E       F
            +---------+---------+-------+---------+---------+-------
      Total |     501 |      27 |   5.1 |      69 |       7 |   9.2
            +---------+---------+-------+---------+---------+-------
        D:1 |      30 |       0 |   0.0 |      18 |       0 |   0.0
        D:2 |     211 |       0 |   0.0 |      30 |       0 |   0.0
        D:3 |     191 |       0 |   0.0 |      19 |       0 |   0.0
        D:4 |      69 |      27 |  28.1 |       2 |       7 |  77.8
            +---------+---------+-------+---------+---------+-------
